 Dungeon Crawl Stone Soup version 0.31-a0-854-g362426d53f (webtiles) character file.

Game seed: 16411982894007015746

5 dmks the Firebug (level 1, -2/16 HPs)
             Began as an Ogre Fire Elementalist on Oct 8, 2023.
             Succumbed to a goblin's poison
             ... on level 1 of the Dungeon.
             The game lasted 00:01:33 (133 turns).

dmks the Firebug (Ogre Fire Elementalist)            Turns: 133, Time: 00:01:34

Health: -2/16      AC:  3    Str: 11    XL:     1   Next: 80%
Magic:  1/4        EV:  9    Int: 16    God:
Gold:   0          SH:  0    Dex:  9    Spells: 4/5 levels left

rFire   . . .        (no weapon)
rCold   . . .        (no shield)
rNeg    . . .        a - +0 robe
rPois   .            (helmet restricted)
rElec   .            (no cloak)
rCorr   .            (gloves unavailable)
SInv    .            (boots unavailable)
Will    .....        (no amulet)
Stlth   +            (no ring)
HPRegen 0.22/turn    (no ring)
MPRegen 0.09/turn

%: no passive effects
@: lethally poisoned (-2 -> -26)
A: large, unfitting armour, tough skin 1
a: no special abilities


You were on level 1 of the Dungeon.
You visited 1 branch of the dungeon, and saw 1 of its levels.

Inventory:

Armour
 a - a +0 robe (worn)
Potions
 b - a potion of magic


   Skills:
 + Level 1.8 Dodging
 + Level 1.4 Stealth
 + Level 2.5 Spellcasting
 + Level 1.0 Conjurations
 * Level 2.8 Fire Magic


You had 4 spell levels left.
You knew the following spells:

 Your Spells              Type           Power      Damage    Failure   Level
a - Foxfire               Conj/Fire      32%        2x1d5     9%          1

Your spell library contained the following spells:

 Spells                   Type           Power      Damage    Failure   Level
 Scorch                   Fire           22%        2d5       9%          2
 Inner Flame              Hex/Fire       6%         N/A       32%         3
 Volatile Blastmotes      Fire/Tloc      12%        2d11      32%         3
 Flame Wave               Conj/Fire      8%         2d5       65%         4


Dungeon Overview and Level Annotations

Branches:
Dungeon (1/15)

Altars:


Innate Abilities, Weirdness & Mutations

You are too large for most types of armour.
You have tough skin. (AC +1)


Message History

A hobgoblin comes into view.
There are monsters nearby!
There are monsters nearby!
The foxfire hits the quokka.
The foxfire hits the frilled lizard.
There are monsters nearby!
The quokka twitches its whiskers.
There are monsters nearby!
The hobgoblin shouts!
You hear an angry hiss.
There are monsters nearby!
You conjure some foxfire!
A ball python comes into view.
The foxfire hits the quokka. x2
You kill the quokka!
You conjure some foxfire!
The foxfire hits the frilled lizard.
You kill the frilled lizard!
You see here a ball python corpse.
You are out of magic!
You conjure some foxfire!
The foxfire hits the hobgoblin but does no damage.
The foxfire hits the hobgoblin.
You conjure some foxfire!
The foxfire hits the hobgoblin.
The foxfire hits the hobgoblin.
You kill the hobgoblin!
Your Conjurations skill increases to level 1!
A goblin comes into view. It is wielding a +0 dagger of venom.
The goblin shouts!
You hit the ball python. The ball python barely misses you.
You closely miss the ball python. The ball python bites you.
You hit the ball python.
The ball python bites you but does no damage.
You closely miss the ball python.
The ball python bites you but does no damage.
A quokka comes into view.
The ball python barely misses you.
You closely miss the ball python. The ball python bites you.
You closely miss the ball python. The ball python barely misses you.
The quokka twitches its whiskers.
The goblin hits you with a +0 dagger of venom.
You are lethally poisoned!
You closely miss the ball python.
* * * LOW HITPOINT WARNING * * *
You feel very sick. The ball python bites you.
* * * LOW HITPOINT WARNING * * *
The goblin hits you with a +0 dagger of venom.
* * * LOW HITPOINT WARNING * * *
You are more poisoned.
You barely miss the ball python.
You die...

#.###.##..#..........
#.........#.##.......
.###..........##....
###.....#### #..
########....#.# #
..#....##S###.#
.......##.# #.#
..#..#†...###.#######.#.
...............S@g.r....
..#..#.##.###.#######.##
..#..#.##.# #.#
#########.# #.. #.. ....
### .#### .. ##


You could see a quokka, a goblin and a ball python.

Vanquished Creatures
  A hobgoblin (D:1)
  A quokka (D:1)
  A ball python (D:1)
  3 frilled lizards (D:1)
6 creatures vanquished.

Vanquished Creatures (others)
  13 foxfires (D:1)
13 creatures vanquished.

Grand Total: 19 creatures vanquished

Notes
Turn   | Place    | Note
-------+----------+-------------------------------------------
     0 | D:1      | dmks the Ogre Fire Elementalist began the quest for the
                  | Orb.
     0 | D:1      | Reached XP level 1. HP: 16/16 MP: 3/3
   125 | D:1      | Reached skill level 1 in Conjurations
   133 | D:1      | Succumbed to a goblin's poison

Illustrated notes

Levels and vault maps discovered:
D:1:      dpeg_arrival_ternary, layout_loops_ring, basic_ecumenical_altar,
          minmay_domino_2

Skill      XL: |  1 |
---------------+----+-----
Conjurations   | 1 |  1.0
Dodging        | |  1.8
Stealth        | |  1.4
Spellcasting   | |  2.5
Fire Magic     | |  2.8

Action                     || total
---------------------------++-------
  Melee: Unarmed           ||     8
   Cast: Foxfire           ||    10
 Armour: Robe              ||     7
  Dodge: Dodged            ||     3

Table legend: (Time is in decaauts)
 A = Elapsed time spent in this place.
 B = Non-inter-level travel time spent in this place.
 C = Inter-level travel time spent in this place.
 D = Time resting spent in this place.
 E = Time spent auto-exploring this place.
 F = Levels seen in this place.
 G = Mean time per level.
                   A        B        C        D        E       F      G
               +--------+--------+--------+--------+--------+-----+--------+
         Total |    133 |    133 |      0 |     27 |     45 |   1 |  133.0 |
       Dungeon |    133 |    133 |      0 |     27 |     45 |   1 |  133.0 |
               +--------+--------+--------+--------+--------+-----+--------+

Top non-repeatable levels by time:
     D:1: 133 daAuts
